Map: Data-C

Players

Steadfast

  • Race: Zerg Zerg
  • Spawn Location: 9:00

FoxeR - Winner!

  • Race: Terran Terran
  • Spawn Location: 3:00

Event: DreamHack SC2 Masters 2022 Atlanta (Offline)

VOD

Have the link to the VOD?

Description

Time

  • Played on: Nov. 18, 2022, 10:53 a.m.
  • Length: 8:16

All games in this series

Show
View Real Time Build Order
Export as new Build Order

Steadfast Zerg 

Build Orders: Hatch First 

Get SALT Encoding   

  12  0:00  Drone  
  13  0:12  Overlord  
  13  0:17  Drone  
  14  0:31  Drone  
  14  0:32  Drone  
  16  0:48  Hatchery  
  15  0:52  Drone  
  15  0:55  Drone  
  17  0:59  Drone  
  18  1:10  Extractor  
  17  1:14  Spawning Pool  
  17  1:17  Drone  
  17  1:20  Drone  
  18  1:31  Drone  
  19  1:39  Drone  
  20  1:50  Drone  
  21  2:00  Queen x2  
  25  2:01  Zergling x2  
  25  2:02  Zergling x2  
  27  2:11  Drone, Overlord  
  28  2:24  Hatchery  
  27  2:31  Drone x2  
  27  2:35  Metabolic Boost  
  29  2:37  Drone  
  29  2:44  Drone, Overlord  
  31  2:47  Drone  
  32  2:55  Queen  
  32  2:56  Drone  
  32  2:58  Drone  
  36  3:04  Drone  
  37  3:13  Drone x4  
  37  3:17  Extractor  
  40  3:21  Drone x2, Roach Warren  
  41  3:32  Overlord  
  41  3:33  Overlord  
  41  3:45  Drone  
  41  3:46  Drone  
  46  4:03  Roach x7  
  54  4:11  Roach x2  
  54  4:14  Spore Crawler  
  58  4:21  Zergling x2  
  58  4:22  Zergling x12  
  65  4:24  Overlord  
  65  4:25  Overlord  
  65  4:37  Drone, Overlord  
  66  4:59  Drone x11  
  75  5:10  Ravager x2  
  75  5:11  Ravager x2  
  73  5:16  Drone x7  
  73  5:20  Drone  
  73  5:21  Drone x2  
  81  5:23  Lair  
  81  5:25  Drone  
  81  5:27  Drone  
  76  5:46  Drone x5  
  76  5:47  Drone x4  
  82  5:55  Extractor  
  82  5:56  Evolution Chamber  
  80  5:57  Baneling Nest  
  62  6:13  Drone  
  62  6:14  Drone x3, Overlord  
  62  6:15  Drone x7  
  62  6:17  Extractor x2  
  71  6:24  Queen  
  71  6:25  Queen  
  75  6:26  Hatchery, Overlord  
  75  6:27  Overlord  
  75  6:28  Overlord  
  74  6:39  Centrifugal Hooks  
  74  6:51  Hatchery  
  73  6:54  Zergling x14  
  73  6:55  Zergling x14  
  73  7:00  Zergling x6  
  90  7:07  Queen x2  
  93  7:14  Zergling x12  
  93  7:15  Baneling x3  
  93  7:22  Zergling x10  
  83  7:31  Zergling x12  
  74  7:45  Zergling x4  
  77  7:57  Zergling x12  
Show
View Real Time Build Order
Export as new Build Order

FoxeR Terran - Winner!

Build Orders: Liberator Opening, Reaper Expand 

Get SALT Encoding   

  12  0:00  SCV  
  13  0:12  SCV  
  14  0:17  Supply Depot  
  14  0:25  SCV  
  15  0:38  SCV  
  15  0:39  Barracks  
  16  0:44  Refinery  
  16  0:50  SCV  
  17  1:02  SCV  
  18  1:14  SCV  
  19  1:27  Reaper, Orbital Command  
  20  1:41  Command Center  
  20  1:51  Supply Depot  
  20  1:52  SCV  
  21  1:59  Marine  
  22  2:04  SCV  
  22  2:08  Factory  
  23  2:17  SCV  
  23  2:20  Refinery  
  23  2:21  Barracks Reactor  
  24  2:29  SCV  
  25  2:41  SCV  
  26  2:53  SCV, Orbital Command  
  26  2:55  Starport  
  27  3:05  SCV  
  28  3:06  Hellion x2  
  28  3:12  Marine  
  33  3:17  SCV  
  34  3:20  Supply Depot  
  34  3:21  SCV  
  35  3:28  Hellion  
  35  3:29  SCV  
  35  3:30  Hellion  
  35  3:33  SCV  
  41  3:35  Barracks Tech Lab  
  43  3:41  Liberator, SCV  
  43  3:45  SCV  
  43  3:46  Supply Depot  
  46  3:50  Hellion  
  46  3:54  SCV  
  51  3:56  Hellion  
  51  3:57  SCV  
  52  4:06  SCV  
  52  4:09  SCV  
  49  4:18  SCV, Bunker  
  49  4:19  Barracks  
  49  4:20  Barracks  
  49  4:21  Engineering Bay, SCV  
  49  4:23  Barracks Tech Lab  
  51  4:24  Starport Reactor  
  51  4:30  SCV  
  51  4:31  Siege Tank  
  55  4:34  Refinery  
  55  4:35  SCV  
  55  4:38  Supply Depot  
  56  4:42  SCV  
  57  4:45  Marine  
  58  4:54  SCV  
  58  4:55  SCV  
  58  5:01  Terran Infantry Weapons Level 1  
  58  5:03  Siege Tank, Marine  
  58  5:06  SCV  
  63  5:07  SCV  
  62  5:18  SCV  
  62  5:19  SCV, Starport Reactor  
  57  5:21  Marine x4  
  57  5:22  Marine  
  62  5:30  SCV  
  62  5:31  SCV, Stimpack  
  64  5:39  Marine x4  
  64  5:40  Marine  
  64  5:43  SCV  
  64  5:45  SCV  
  61  5:50  Supply Depot  
  61  5:51  Supply Depot  
  61  5:56  Medivac x2  
  65  5:57  Marine x5  
  69  6:08  SCV  
  68  6:14  Marine x2  
  68  6:15  Marine x2  
  68  6:16  SCV  
  73  6:22  Siege Tank  
  73  6:25  Marine  
  77  6:26  SCV  
  77  6:32  Marine x3  
  78  6:34  Supply Depot  
  78  6:35  Marine  
  78  6:38  Supply Depot, Medivac x2  
  86  6:45  SCV, Marine  
  86  6:46  SCV  
  89  6:50  Marine x2  
  89  6:52  Marine  
  89  6:54  Marine  
  93  7:03  Marine  
  93  7:06  Siege Tank  
  93  7:08  Marine x2  
  97  7:10  Marine  
  97  7:11  Marine  
  97  7:15  Medivac  
  102  7:20  Marine  
  103  7:26  Marine x2  
  103  7:28  Marine  
  103  7:29  Marine  
  98  7:35  Command Center  
  99  7:38  Marine  
  99  7:42  Barracks  
  99  7:44  Marine x2  
  94  7:46  Marine  
  94  7:47  Marine  
  94  7:48  SCV  
  98  7:53  SCV  
  98  7:56  Barracks, Marine  
  100  8:00  SCV  
Tags
 
Add a new tag
Caveats
  • Supply blocks, unpowered buildings, or Contaminate may cause inaccurate times.
  • Supply counts are checked every 10 seconds.